Map: Romanticide LE

Players

LiquidClem (Clem) - Winner!

  • Race: Terran Terran
  • League: Grandmaster

PtitDrogo

  • Race: Protoss Protoss
  • League: Grandmaster

Event: DreamHack SC2 Masters 2021 Summer

VOD

Have the link to the VOD?

Description

Time

  • Played on: May 26, 2021, 2:14 p.m.
  • Length: 11:27

All games in this series

Show
View Real Time Build Order
Export as new Build Order

LiquidClem Terran - Winner!

Build Orders:  

Get SALT Encoding   

  12  0:00  SCV  
  13  0:12  SCV  
  14  0:17  Supply Depot  
  14  0:25  SCV  
  15  0:38  SCV  
  15  0:39  Barracks  
  16  0:43  Refinery  
  16  0:50  SCV  
  17  1:02  SCV  
  18  1:14  SCV  
  19  1:26  Marine  
  19  1:27  Orbital Command  
  20  1:40  Command Center  
  20  1:44  Barracks Reactor  
  20  1:51  Supply Depot  
  20  1:53  SCV  
  21  2:05  SCV  
  22  2:19  Marine  
  22  2:20  SCV, Marine  
  25  2:27  Command Center  
  25  2:33  SCV  
  26  2:37  Marine x2  
  28  2:45  SCV, Barracks  
  29  2:52  Orbital Command  
  29  2:56  Marine x2  
  31  3:00  SCV  
  32  3:13  SCV  
  32  3:14  Barracks, Marine x2  
  32  3:18  SCV  
  36  3:24  Engineering Bay  
  36  3:27  SCV  
  36  3:30  SCV  
  36  3:32  Marine x2  
  40  3:38  Orbital Command  
  40  3:42  SCV  
  40  3:44  Bunker  
  41  3:50  SCV, Marine  
  41  3:52  Terran Infantry Weapons Level 1  
  41  3:54  Marine  
  41  3:55  Barracks Tech Lab  
  44  3:56  SCV  
  44  4:02  Barracks Tech Lab, SCV  
  46  4:04  SCV  
  46  4:08  SCV  
  46  4:09  Supply Depot  
  48  4:10  Marine  
  48  4:12  Marine  
  48  4:14  SCV  
  48  4:16  Stimpack  
  51  4:17  Refinery  
  51  4:18  Marauder  
  51  4:22  Combat Shield  
  51  4:24  Marine  
  54  4:28  Marine, Missile Turret  
  54  4:30  SCV, Marine  
  57  4:31  SCV  
  57  4:37  Refinery, Supply Depot  
  57  4:39  Missile Turret  
  57  4:40  Marine  
  57  4:43  Marine  
  57  4:45  SCV x2  
  61  4:46  Marine  
  61  4:47  SCV  
  61  4:51  Factory  
  63  4:56  Marine  
  63  4:57  Supply Depot  
  63  4:58  Marine  
  63  4:59  SCV  
  66  5:00  Marine  
  66  5:02  SCV  
  66  5:03  Refinery, SCV  
  66  5:04  Marine  
  68  5:08  Orbital Command  
  68  5:11  SCV  
  68  5:14  SCV, Marine  
  70  5:15  Supply Depot  
  70  5:20  Marine x2  
  73  5:22  Marine  
  73  5:23  SCV  
  73  5:24  Supply Depot  
  73  5:26  SCV  
  75  5:34  Marine  
  75  5:35  SCV  
  77  5:37  SCV  
  77  5:38  SCV, Barracks  
  77  5:40  Barracks  
  79  5:42  Marine  
  79  5:43  Marine x2  
  79  5:47  SCV  
  79  5:48  Starport  
  79  5:49  Factory Reactor  
  81  5:51  Concussive Shells  
  81  5:52  Marine  
  81  5:53  SCV  
  81  5:54  SCV  
  84  5:59  SCV  
  84  6:00  Marine  
  84  6:01  Marauder, Marine  
  86  6:04  Terran Infantry Armor Level 1  
  86  6:05  SCV, Supply Depot  
  86  6:06  SCV  
  86  6:10  Marine  
  88  6:11  SCV  
  88  6:17  SCV  
  88  6:18  SCV, Marine  
  88  6:19  Supply Depot  
  88  6:24  SCV  
  88  6:25  Marauder x2  
  95  6:29  SCV  
  95  6:31  Factory Reactor, Missile Turret  
  96  6:33  Medivac x2  
  96  6:35  SCV  
  96  6:36  SCV  
  96  6:37  Marine x2  
  104  6:41  Barracks Tech Lab, Supply Depot  
  98  6:47  Marauder  
  98  6:50  SCV  
  98  6:51  Marine  
  93  6:56  Marine x2  
  93  6:59  SCV x2  
  96  7:02  Marauder  
  96  7:03  Barracks Reactor, SCV  
  96  7:05  Supply Depot  
  96  7:06  Refinery x2  
  96  7:08  Supply Depot  
  98  7:09  Widow Mine, Marauder, Medivac  
  98  7:11  Medivac  
  98  7:13  SCV  
  98  7:14  SCV  
  108  7:16  Widow Mine  
  108  7:20  Marine x2, Supply Depot  
  112  7:23  Marauder  
  112  7:24  SCV  
  112  7:25  SCV  
  112  7:27  Marauder  
  118  7:32  Supply Depot  
  118  7:33  Widow Mine  
  118  7:35  Supply Depot  
  118  7:36  SCV  
  121  7:38  Widow Mine, Marauder  
  121  7:40  Marine x2  
  121  7:41  Supply Depot  
  121  7:42  SCV  
  121  7:43  Marine x2  
  129  7:47  Marauder  
  131  7:53  Supply Depot  
  131  7:54  Armory  
  131  7:55  Engineering Bay  
  131  8:01  Viking x2  
  135  8:07  Command Center  
  135  8:11  Marauder x2  
  138  8:13  Marine  
  138  8:16  Marine x2  
  138  8:18  Marauder  
  143  8:21  Marine  
  144  8:32  Marauder x2, Marine  
  144  8:33  Viking  
  151  8:36  Starport  
  151  8:38  Ghost Academy  
  151  8:39  Marauder  
  151  8:41  Viking  
  154  8:45  Barracks  
  154  8:47  Terran Infantry Armor Level 2, Barracks, Terran Infantry Weapons Level 2  
  149  8:59  Marauder  
  151  9:03  Barracks  
  151  9:04  Marine x2  
  151  9:05  SCV  
  151  9:06  Sensor Tower  
  151  9:08  Ghost  
  147  9:13  Marine, Viking  
  147  9:16  Ghost  
  147  9:17  SCV  
  147  9:20  Marauder, Marine  
  150  9:24  Marine x2  
  150  9:25  Terran Ship Weapons Level 1  
  150  9:26  SCV x2  
  150  9:29  SCV  
  149  9:31  Marine  
  149  9:37  Ghost  
  149  9:38  SCV, Medivac  
  154  9:41  Ghost  
  154  9:43  Barracks Tech Lab x2  
  154  9:44  SCV  
  157  9:46  Planetary Fortress  
  157  9:48  Ghost  
  84  9:52  Medivac  
  159  9:54  SCV x2  
  159  9:56  SCV  
  159  9:59  Barracks Reactor  
  164  10:02  Refinery, Enhanced Shockwaves  
  164  10:03  Refinery  
  164  10:05  Marine  
  166  10:07  Marine  
  166  10:10  Marauder  
  166  10:12  Ghost  
  170  10:14  Marauder x2  
  170  10:15  SCV  
  170  10:17  SCV  
  170  10:18  SCV  
  176  10:22  Viking  
  176  10:25  Viking  
  180  10:29  Marine  
  180  10:30  Marauder  
  180  10:32  Marauder  
  180  10:33  Marine x2  
  183  10:36  Marauder x2  
  183  10:37  Viking  
  183  10:40  Medivac  
  183  10:41  Marauder  
  193  10:47  Command Center  
  193  10:52  Marauder  
  195  11:04  Marauder  
  195  11:07  Marine  
  195  11:08  Marine  
Show
View Real Time Build Order
Export as new Build Order

PtitDrogo Protoss 

Build Orders: 1 Gate Expand, Phoenix Opening, Zealot Archon, Colossus Rush 

Get SALT Encoding   

  12  0:00  Probe  
  13  0:12  Probe  
  14  0:18  Pylon  
  14  0:24  Probe (Chrono Boost)  
  15  0:37  Probe (Chrono Boost), Gateway  
  16  0:45  Probe (Chrono Boost)  
  16  0:46  Assimilator  
  17  0:51  Probe  
  18  1:03  Probe  
  19  1:15  Probe  
  20  1:25  Cybernetics Core  
  20  1:36  Nexus  
  20  1:40  Pylon  
  20  1:42  Probe  
  20  1:46  Assimilator  
  21  1:54  Probe  
  21  1:58  Adept (Chrono Boost)  
  24  2:06  Probe  
  25  2:18  Probe  
  25  2:21  Adept  
  28  2:26  Stargate  
  28  2:31  Probe (Chrono Boost)  
  28  2:34  Warp Gate  
  29  2:41  Probe (Chrono Boost)  
  29  2:43  Gateway  
  30  2:48  Probe (Chrono Boost)  
  30  2:50  Probe (Chrono Boost)  
  32  2:57  Probe (Chrono Boost)  
  32  2:58  Adept  
  36  3:00  Probe (Chrono Boost)  
  36  3:02  Probe (Chrono Boost)  
  37  3:09  Phoenix (Chrono Boost)  
  37  3:10  Probe  
  40  3:14  Probe  
  40  3:18  Pylon  
  41  3:22  Probe  
  41  3:26  Probe, Phoenix  
  45  3:35  Gateway  
  45  3:36  Probe  
  45  3:38  Probe  
  47  3:45  Robotics Facility  
  47  3:48  Probe  
  48  3:50  Probe (Chrono Boost)  
  48  3:52  Pylon  
  49  3:56  Phoenix  
  53  4:03  Probe (Chrono Boost)  
  53  4:06  Probe (Chrono Boost)  
  53  4:07  Assimilator  
  53  4:09  Assimilator  
  53  4:10  Probe (Chrono Boost)  
  53  4:13  Probe (Chrono Boost)  
  53  4:14  Pylon  
  55  4:17  Probe  
  56  4:24  Probe  
  56  4:28  Nexus  
  56  4:29  Probe  
  58  4:34  Robotics Bay  
  58  4:38  Probe  
  59  4:39  Observer  
  59  4:41  Probe  
  61  4:46  Shield Battery  
  61  4:50  Probe  
  62  4:55  Probe  
  62  4:57  Twilight Council, Forge  
  63  5:02  Probe  
  64  5:07  Probe  
  64  5:08  Adept x2  
  64  5:13  Pylon  
  70  5:14  Probe  
  70  5:15  Pylon  
  70  5:24  Shield Battery  
  70  5:28  Colossus (Chrono Boost)  
  76  5:35  Adept x2  
  76  5:36  Adept  
  76  5:38  Probe  
  76  5:40  Probe x2  
  85  5:50  Probe  
  85  5:52  Probe x2  
  85  5:53  Charge (Chrono Boost)  
  85  5:56  Adept  
  85  5:57  Adept  
  92  6:00  Adept  
  92  6:02  Probe, Protoss Ground Weapons Level 1 (Chrono Boost)  
  91  6:04  Probe x2, Colossus (Chrono Boost)  
  98  6:14  Probe  
  97  6:19  Probe x2  
  97  6:21  Pylon  
  97  6:24  Assimilator  
  99  6:26  Photon Cannon  
  99  6:27  Extended Thermal Lance  
  99  6:28  Assimilator  
  99  6:30  Probe  
  100  6:33  Pylon  
  100  6:35  Probe  
  100  6:36  Pylon  
  96  6:47  Adept x3  
  86  6:55  Probe, Colossus (Chrono Boost)  
  86  7:01  Probe  
  90  7:05  Gateway  
  90  7:06  Gateway  
  90  7:07  Templar Archives, Gateway  
  90  7:08  Gateway  
  90  7:09  Forge  
  90  7:10  Sentry  
  90  7:11  Gateway  
  90  7:14  Photon Cannon  
  92  7:18  Photon Cannon  
  92  7:19  Photon Cannon  
  92  7:26  Pylon  
  92  7:27  Zealot x2  
  96  7:31  Blink  
  95  7:38  Warp Prism (Chrono Boost)  
  97  7:47  Probe  
  97  7:50  High Templar x2  
  97  7:51  Zealot  
  104  7:54  Archon  
  104  7:58  Pylon  
  104  8:07  High Templar x2  
  104  8:08  Zealot x3  
  111  8:18  Archon, Zealot  
  113  8:22  Disruptor (Chrono Boost)  
  113  8:23  Zealot x2  
  120  8:27  Nexus  
  120  8:28  Pylon  
  120  8:34  Probe  
  115  8:35  Stalker x3  
  119  8:55  Disruptor (Chrono Boost)  
  117  8:58  Robotics Facility  
  117  9:00  Zealot x4  
  126  9:21  Probe, Forge  
  126  9:22  Forge  
  125  9:24  Probe  
  125  9:28  Probe  
  125  9:29  Stargate  
  123  9:35  Zealot x5  
  123  9:38  Stalker x2  
  133  9:41  Probe  
  133  9:44  Shield Battery  
  134  9:46  Shield Battery  
  134  9:49  Shield Battery  
  134  9:53  Probe  
  134  9:55  Photon Cannon  
  134  9:56  Shield Battery  
  134  9:58  Assimilator  
  134  9:59  Photon Cannon, Assimilator  
  135  10:01  Photon Cannon  
  135  10:02  Photon Cannon  
  135  10:03  Photon Cannon  
  135  10:04  Shield Battery  
  135  10:11  Robotics Bay  
  135  10:13  Dark Shrine  
  135  10:17  High Templar x3  
  135  10:18  High Templar  
  135  10:20  Zealot x3  
  147  10:24  Archon x2  
  147  10:33  Zealot  
  143  10:40  Stalker x2  
  147  10:55  Pylon x2  
  147  10:56  Pylon  
  147  10:58  Pylon x3  
  147  10:59  Pylon  
  142  11:12  Zealot x4  
  142  11:13  Stalker x4  
Tags
 
Add a new tag
Caveats
  • Supply blocks, unpowered buildings, or Contaminate may cause inaccurate times.
  • Supply counts are checked every 10 seconds.